 Dungeon Crawl Stone Soup version 0.21.0-24-g2553a33 (webtiles) character file.

65 sankara the Insei (level 3, -4/29 HPs)
             Began as a Draconian Transmuter on Jan 21, 2018.
             Slain by a worm (6 damage)
             ... on level 3 of the Dungeon.
             The game lasted 00:05:55 (1610 turns).

sankara the Insei (Draconian Transmuter)            Turns: 1610, Time: 00:05:56

Health: -4/29      AC:  5    Str: 12    XL:     3   Next: 94%
Magic:  6/6        EV: 11    Int: 13    God:
Gold:   53         SH:  4    Dex: 12    Spells: 3/6 levels left

rFire    . . .     SeeInvis .     - Unarmed
rCold    . . .     Gourm    .   h - +1 buckler
rNeg     . . .     Faith    .   (armour unavailable)
rPois    .         Spirit   .   (helmet restricted)
rElec    .         Reflect  .   (no cloak)
rCorr    .         Harm     .   (no gloves)
MR       .....                  (no boots)
Stlth    ..........             (no amulet)
HPRegen  0.09/turn              e - ring of loudness (curse)
MPRegen  0.10/turn              (no ring)

@: very slightly contaminated, invisible, very slow
A: unfitting armour, cold-blooded, AC +5
a: no special abilities


You were on level 3 of the Dungeon.
You were not hungry.

You visited 1 branch of the dungeon, and saw 3 of its levels.

You collected 53 gold pieces.

Inventory:

Missiles
 a - 21 arrows
Armour
 h - a +1 buckler (worn)
Jewellery
 e - a cursed ring of loudness (left hand)
Scrolls
 n - a scroll of fear {unknown}
Potions
 f - a potion of brilliance {unknown}
 g - 2 potions of curing
 i - a potion of might {unknown}
 j - a potion of haste {unknown}
Books
 b - a book of Changes

   Spells                             Type                      Level
   a - Beastly Appendage              Transmutation                1
   b - Sticks to Snakes               Transmutation                2
   c - Spider Form                    Transmutation/Poison         3
   d - Ice Form                       Ice/Transmutation            4
   e - Blade Hands                    Transmutation                5
Comestibles
 c - a ration
 m - a chunk of flesh


   Skills:
 + Level 2.2 Fighting
 - Level 1.7 Dodging
 * Level 4.1 Unarmed Combat
 - Level 2.0 Spellcasting
 + Level 2.6 Transmutations


You had 3 spell levels left.
You knew the following spells:

 Your Spells              Type           Power        Failure   Level  Hunger
a - Beastly Appendage     Tmut           #.....       14%         1    ##.....
b - Sticks to Snakes      Tmut           #.......     22%         2    ###....


Dungeon Overview and Level Annotations

Branches:
Dungeon (3/15)

Altars:

Portals:
Sewer: D:3


Innate Abilities, Weirdness & Mutations

Your plain brown scales are hard. (AC +5)
You cannot fit into any form of body armour.
You are cold-blooded and may be slowed by cold attacks.


Message History

Deactivating autopickup; reactivate with Ctrl-A.
A magic dart appears from out of thin air!
The magic dart hits you!
Found a glowing drain.
A worm comes into view.
A puff of frost appears from out of thin air!
You enter the shallow water.
Moving in this stuff is going to be slow. ...and don't expect to remain undetected.
You hear some strange, mumbled words.
A puff of flame appears from out of thin air!
The puff of flame hits you!
* * * LOW HITPOINT WARNING * * *
You hear some strange, mumbled words.
A puff of frost appears from out of thin air!
The puff of frost misses you. The worm closely misses you.
You hear the slow rusting of a drain.
The worm barely misses you. The worm bites you.
You die...

#.....#
#.#)..###
#.....≈##
*#...o≈≈##
**###...#≈≈###
*,......#§o#
*,###...#≈≈#
*,.....##{w#
**,..####∩@≈#*
*,,..≈≈≈≈≈≈≈≈#
*,,.≈≈≈≈≈≈≈..#
***≈≈#####...#
*#** #####
****


You could see a worm and 2 orcs.

Vanquished Creatures
  An adder (D:2)
  A worm (D:2)
  2 dart slugs (D:2)
  2 leopard geckos (D:3)
  6 bats
  2 giant cockroaches
  4 goblins
  4 hobgoblins
  4 jackals
  2 quokkas (D:2)
  A ball python (D:2)
  4 frilled lizards
  5 kobolds
  7 rats
45 creatures vanquished.

Vanquished Creatures (others)
  A rat (D:3)
1 creature vanquished.

Grand Total: 46 creatures vanquished

Notes
Turn   | Place    | Note
-------+----------+-------------------------------------------
     0 | D:1      | sankara the Draconian Transmuter began the quest for the Orb.
     0 | D:1      | Reached XP level 1. HP: 16/16 MP: 3/3
   288 | D:1      | Reached XP level 2. HP: 23/23 MP: 3/5
   302 | D:1      | Learned a level 2 spell: Sticks to Snakes
   756 | D:2      | Reached XP level 3. HP: 25/29 MP: 6/6
  1344 | D:2      | Reached skill level 4 in Unarmed Combat
  1603 | D:3      | Found a glowing drain.
  1608 | D:3      | HP: 1/29 [something/puff of flame (10)]
  1610 | D:3      | Slain by a worm

Skill      XL: |  1  2  3 |
---------------+----------+-----
Fighting       | 2 |  2.2
Unarmed Combat | 4 |  4.1
Dodging        | |  1.7
Spellcasting   | |  2.0
Transmutations | |  2.6

Action                   || total
-------------------------++-------
Melee: Unarmed           ||   155
       Kick              ||    15
       Tailslap          ||     7
       Headbutt          ||     2
       Punch             ||     2
 Cast: Beastly Appendage ||    22
  Use: Scroll            ||     2
       Potion            ||     2
  Eat: Chunk             ||     3
Armor: Skin              ||    53
Dodge: Dodged            ||   122
Block: Buckler           ||     7
